 Dungeon Crawl Stone Soup version 0.30-a0-936-ge0d47acfc0 (webtiles) character file.

Game seed: 688869236962908268

57 Leonnitro the Shooter (level 4, -9/27 HPs)
             Began as a Kobold Hunter on Mar 24, 2023.
             Killed by an exploding adder (12 damage)
             ... ignited by their inner flame
             ... on level 2 of the Dungeon.
             The game lasted 00:12:26 (1280 turns).

Leonnitro the Shooter (Kobold Hunter)               Turns: 1280, Time: 00:12:31

Health: -9/27      AC:  4    Str:  8    XL:     4   Next: 18%
Magic:  4/4        EV: 15    Int: 10    God:
Gold:   45         SH:  0    Dex: 20    Spells: 3/3 levels left

rFire   + . .      SeeInvis .    o - +0 dagger
rCold   + . .      Faith    .    (no shield)
rNeg    . . .      Spirit   .    c - +1 leather armour
rPois   +          Reflect  .    (no helmet)
rElec   +          Rampage  .    (no cloak)
rCorr   +                        (no gloves)
Will    .....                    (no boots)
Stlth   +++                      (no amulet)
HPRegen 0.24/turn                (no ring)
MPRegen 0.09/turn                (no ring)

@: brilliant, resistant, weak-willed
A: small, no large weapons, nightstalker 3
a: no special abilities


You were on level 2 of the Dungeon.
You visited 1 branch of the dungeon, and saw 2 of its levels.

You collected 45 gold pieces.

Inventory:

Hand Weapons
 a - a +0 shortbow
 o - a +0 dagger (weapon)
Armour
 c - a +1 leather armour (worn)
 g - a +0 robe
Jewellery
 i - an amulet of magic regeneration
Scrolls
 d - a scroll of vulnerability
 h - a scroll of enchant armour
 j - a scroll of identify
 l - a scroll of teleportation


   Skills:
 + Level 2.4 Fighting
 + Level 6.9 Ranged Weapons
 + Level 0.3 Armour
 + Level 2.6 Dodging
 + Level 1.3 Stealth


You had 3 spell levels left.
You didn't know any spells.
Your spell library was empty.

Dungeon Overview and Level Annotations

Branches:
Dungeon (2/15)

Altars:
Okawaru


Innate Abilities, Weirdness & Mutations

You are small and have problems with some larger weapons.
You are completely attuned to the shadows.


Message History

Really read the scroll of immolation?
As you read the scroll of immolation, it crumbles to dust.
The creatures around you are filled with an inner flame!
You feel sick. The adder barely misses you. x2
You feel sick.
You are no longer poisoned.
The adder attacks as you move away! The adder barely misses you.
The adder bites you.
* * * LOW HITPOINT WARNING * * *
The adder closely misses you. The adder attacks as you move away!
The adder misses you.
As you read the scroll labelled ISIUTU QESUACU, it crumbles to dust.
Magic quickly surges around you.
It was a scroll of vulnerability.
The adder barely misses you. The adder attacks as you move away!
The adder barely misses you. The adder completely misses you.
As you read the scroll labelled XOUGUMIPNE, it crumbles to dust.
You feel aware of your surroundings.
It was a scroll of magic mapping.
The adder bites you.
* * * LOW HITPOINT WARNING * * *
A bat comes into view.
The adder barely misses you. The adder bites you but does no damage.
As you read the scroll labelled OXTUYM VOADETTAOST, it crumbles to dust.
It is a scroll of enchant armour.
Your +0 leather armour glows green for a moment.
The adder barely misses you. The adder closely misses you.
As you read the scroll labelled UTYUPO GAKAA, it crumbles to dust.
It is a scroll of identify.
l - a scroll of teleportation The adder completely misses you.
As you read the scroll labelled GUZEFU OS ZUSM, it crumbles to dust.
Your body is wracked with pain!
* * * LOW HITPOINT WARNING * * *
The adder convulses!
Flame seeps out of the adder.
It was a scroll of torment.
The adder is engulfed in blazing flames.
The adder explodes!
The fiery explosion engulfs you! You resist.
You die...

**,,,,,,,,,,,,,*,,,,*,**,**,,,,
*,,,,,,,,*****,,,,,,*,**,*,,***
**,,,,,,,,,* *****,,*,**,*,**
****,,,,,,...# *,,*,**,,,*
,,,,,,,,,,#..# *,,*,*,,,*****
,,,,,,*,.##.b# #####,,,,,,,,*,,,,
,,*,,**,.....###....,,,,***,,,,,,
,**,,,,,......§§§####,*,,****,,,,
,,,,*,,,#.....§○@....,,,,,,**,,,,
,,,,*,,*#.....§§§....,,,,,,,,,,,,
*,***,,,..#....#.....,,,,,,,*,,,,
*,,,,,,,###......####,,,***,,****
,,,,,,*,####.....#*,,,*,* **,****
,,*,,**,.....#...**,***,* *<,,,,
,**,,,,,###....##**,* *,* *****,
,,,,,,,,,*#....#*,,,* *,* **
*,,,*,,,,##..#.#*.#** *,* *


There were no monsters in sight!

Vanquished Creatures
  A gnoll (D:1)
  2 adders (D:2)
  A dart slug (D:1)
  A ball python (D:1)
  2 endoplasms (D:1)
  6 goblins (D:1)
  2 hobgoblins
  2 jackals (D:1)
  6 kobolds (D:1)
  4 quokkas (D:1)
  A bat (D:1)
  A frilled lizard (D:1)
  4 rats (D:1)
33 creatures vanquished.

Notes
Turn   | Place    | Note
-------+----------+-------------------------------------------
     0 | D:1      | Leonnitro the Kobold Hunter began the quest for the Orb.
     0 | D:1      | Reached XP level 1. HP: 12/12 MP: 1/1
   185 | D:1      | Reached XP level 2. HP: 16/17 MP: 2/2
   244 | D:1      | Reached skill level 6 in Ranged Weapons
   544 | D:1      | Reached XP level 3. HP: 11/21 MP: 3/3
  1215 | D:1      | You fall into a shaft and drop 1 floor!
  1215 | D:2      | Found an iron altar of Okawaru.
  1231 | D:2      | Reached XP level 4. HP: 27/27 MP: 4/4
  1265 | D:2      | HP: 1/27 [adder (1)]
  1280 | D:2      | Killed by an exploding adder... ignited by their inner
                  | flame

Illustrated notes

Levels and vault maps discovered:
D:1:      minmay_arrival_arboretum_small, layout_loops_corners,
          minmay_heptomino_h4
D:2:      layout_rooms, basic_altar, hangedman_decor_points

Skill      XL: |  1  2 |
---------------+-------+-----
Ranged Weapons | 6 |  6.9
Fighting       | |  2.4
Armour         | |  0.3
Dodging        | |  2.6
Stealth        | |  1.3

Action                     |  1- 3 |  4- 6 || total
---------------------------+-------+-------++-------
  Melee: Dagger            |       |    14 ||    14
   Fire: Shortbow          |    81 |     1 ||    82
    Use: Scroll            |       |     6 ||     6
         Potion            |       |     2 ||     2
 Armour: Leather armour    |    10 |     9 ||    19
  Dodge: Dodged            |    53 |    38 ||    91

Table legend: (Time is in decaauts)
 A = Elapsed time spent in this place.
 B = Non-inter-level travel time spent in this place.
 C = Inter-level travel time spent in this place.
 D = Time resting spent in this place.
 E = Time spent auto-exploring this place.
 F = Levels seen in this place.
 G = Mean time per level.
                   A        B        C        D        E       F      G
               +--------+--------+--------+--------+--------+-----+--------+
         Total |   1299 |   1298 |      1 |     32 |    636 |   2 |  649.5 |
       Dungeon |   1299 |   1298 |      1 |     32 |    636 |   2 |  649.5 |
               +--------+--------+--------+--------+--------+-----+--------+

Top non-repeatable levels by time:
     D:1: 1234 daAuts
     D:2: 64 daAuts
